 Dungeon Crawl Stone Soup version 0.27.0-1-g7a089689b8 (webtiles) character file.

Game seed: 6594219511744916344

400 hasubaka the Digger (level 6, 0/32 HPs)
             Began as a Gargoyle Earth Elementalist on Aug 13, 2021.
             Slain by a bullfrog (4 damage)
             ... in a sewer.
             The game lasted 00:17:27 (3930 turns).

hasubaka the Digger (Gargoyle Earth Elementalist)   Turns: 3930, Time: 00:17:28

Health: 0/32       AC: 10    Str: 11    XL:     6   Next: 84%
Magic:  13/13      EV:  8    Int: 18    God:
Gold:   162        SH:  3    Dex: 10    Spells: 13/14 levels left

rFire    . . .     SeeInvis .   d - +0 short sword
rCold    . . .     Faith    .   a - +0 buckler
rNeg     + . .     Spirit   .   b - +0 scale mail
rPois    ∞         Reflect  .   (no helmet)
rElec    +         Harm     .   (no cloak)
rCorr    .         Rampage  .   (no gloves)
Will     .....                  (no boots)
Stlth    ..........             (no amulet)
HPRegen  0.10/turn              (no ring)
MPRegen  0.13/turn              (no ring)

@: hasted, slow
A: sickness immunity, AC +4, negative energy resistance 1, electricity
resistance, torment resistance 1, petrification resistance
a: no special abilities


You were in a sewer.
You visited 1 branch of the dungeon, and saw 4 of its levels.
You also visited: Sewer.

You collected 162 gold pieces.

Inventory:

Hand Weapons
 d - a +0 short sword (weapon)
Missiles
 h - 3 boomerangs
 l - a throwing net
Armour
 a - a +0 buckler (worn)
 b - a +0 scale mail (worn)
Scrolls
 f - 2 scrolls of immolation
 j - 2 scrolls of teleportation
 q - 2 scrolls of magic mapping {unknown}
 s - a scroll of enchant weapon {unknown}
 u - a scroll of torment {unknown}
Potions
 g - a potion of haste
 k - a potion of lignification
 n - a potion of attraction {unknown}
 o - a potion of curing {unknown}
 p - a potion of mutation
 r - a potion of flight


   Skills:
 - Level 1.5 Dodging
 - Level 2.1 Stealth
 + Level 4.7 Spellcasting
 - Level 0.7 Transmutations
 + Level 6.8 Earth Magic


You had 13 spell levels left.
You knew the following spells:

 Your Spells              Type           Power      Damage    Failure   Level
a - Sandblast             Erth           56%        2d13      9%          1

Your spell library contained the following spells:

 Spells                   Type           Power      Damage    Failure   Level
 Passwall                 Tmut/Erth      14%        N/A       43%         2
 Stone Arrow              Conj/Erth      32%        3d9       71%         3
 Slow                     Hex            4%         N/A       91%         2
 Petrify                  Tmut/Erth      17%        N/A       97%         4
 Confusing Touch          Hex            4%         N/A       99%         3
 Ozocubu's Armour         Ice            4%         N/A       99%         3
 Vampiric Draining        Necr           2%         2d6       99%         3
 Ozocubu's Refrigeration  Ice            2%         4d5       100%        7


Dungeon Overview and Level Annotations

Branches:
Dungeon (4/15)              Sewer (1/1)
 Temple: D:4-7

Altars:


Innate Abilities, Weirdness & Mutations

You are immune to sickness and miasma.
Your stone body is resilient. (AC +4)
You are immune to poison.
You resist negative energy. (rN+)
You are resistant to electric shocks. (rElec)
You are resistant to unholy torment.
You are immune to petrification.


Message History

The bullfrog barely misses you. The bullfrog hits you.
* * * LOW HITPOINT WARNING * * *
Your unstable footing causes you to fumble your attack.
The bullfrog hits you.
* * * LOW HITPOINT WARNING * * *
The bullfrog barely misses you.
You feel yourself speed up.
The bullfrog hits you but does no damage.
You block the bullfrog's attack. The bullfrog barely misses you.
You enter the shallow water.
Moving in this stuff is going to be slow.
The bullfrog barely misses you. The bullfrog barely misses you.
Your unstable footing causes you to fumble your attack.
The bullfrog closely misses you.
You hit the bullfrog but do no damage.
The bullfrog is severely wounded.
The bullfrog barely misses you.
Your unstable footing causes you to fumble your attack.
The bullfrog closely misses you.
You completely miss the bullfrog.
The bullfrog is severely wounded.
The bullfrog hits you but does no damage.
The bullfrog hits you.
* * * LOW HITPOINT WARNING * * *
You closely miss the bullfrog.
The bullfrog is severely wounded.
The bullfrog hits you but does no damage.
Your unstable footing causes you to fumble your attack.
The bullfrog hits you but does no damage.
Your unstable footing causes you to fumble your attack.
The bullfrog hits you but does no damage. x2
You hit the bullfrog.
The bullfrog is severely wounded.
You block the bullfrog's attack.
You closely miss the bullfrog.
The bullfrog is severely wounded.
The bullfrog hits you.
You die...

#.# #.≈≈≈.≈≈≈≈≈≈≈≈≈≈≈#
#.# #∩#
#.≈≈≈.≈≈≈≈≈.≈≈≈≈≈≈ #.#
#.# #.≈≈≈≈≈≈≈≈≈?.≈≈≈≈≈
#.# #∩#
#.÷≈≈≈≈≈≈≈?)$.≈≈≈≈ #.#
#.# #.≈≈≈≈≈≈≈≈≈[.≈≈≈≈≈#
#.# ###
#.≈≈≈≈≈≈≈≈≈≈≈≈≈≈≈≈# #.#
#.≈≈≈≈≈≈..≈...≈≈≈≈# #.#
#.≈≈≈≈≈≈≈F..≈.≈≈≈# #≈#
#.≈≈≈≈≈≈≈@≈≈..∩≈≈# #≈#
#.≈≈≈≈≈≈≈≈≈≈≈≈≈≈≈# #≈#
#.≈≈≈≈≈≈≈≈≈≈≈≈≈≈## #≈#
#.≈≈≈≈≈≈≈≈≈≈≈≈≈≈# #.#
#.≈≈≈.≈≈≈≈≈≈≈≈≈## #≈#
#.≈≈≈.≈≈≈≈≈≈≈≈########≈#
#.≈≈≈≈..≈≈≈≈≈≈≈≈≈≈.≈≈≈.#
#.≈≈≈≈≈≈≈≈≈≈≈≈≈≈≈≈≈≈≈≈≈#
#.≈≈≈≈≈≈≈≈≈≈≈≈≈≈≈≈≈≈≈≈.#


You could see a bullfrog.

Vanquished Creatures
  The ghost of velxir3 the Sneak, an amateur OpMo (D:3)
  An orc priest (D:3)
  Jessica (D:3)
  A gnoll (D:4)
  5 adders
  2 worms (D:2)
  4 dart slugs
  8 orcs
  2 bats
  5 endoplasms
  6 giant cockroaches (Sewer)
  A goblin (D:1)
  4 hobgoblins
  9 jackals
  5 quokkas
  11 ball pythons
  9 frilled lizards
  5 kobolds
  5 rats
85 creatures vanquished.

Vanquished Creatures (others)
  4 plants (D:3)
4 creatures vanquished.

Grand Total: 89 creatures vanquished

Notes
Turn   | Place    | Note
-------+----------+-------------------------------------------
     0 | D:1      | hasubaka the Gargoyle Earth Elementalist began the quest
                  | for the Orb.
     0 | D:1      | Reached XP level 1. HP: 10/10 MP: 3/3
   272 | D:1      | Reached skill level 4 in Earth Magic
   272 | D:1      | Reached XP level 2. HP: 15/15 MP: 1/5
   775 | D:1      | Reached XP level 3. HP: 19/19 MP: 4/6
  1892 | D:2      | Reached XP level 4. HP: 18/24 MP: 8/8
  2074 | D:2      | Found a faded altar of an unknown god.
  2113 | D:2      | Reached skill level 5 in Earth Magic
  2312 | D:3      | Found a runed translucent gate.
  2312 | D:3      | Found a runed translucent gate.
  2312 | D:3      | Found a runed translucent gate.
  2346 | D:3      | Noticed velxir3's ghost (amateur OpMo)
  2365 | D:3      | Killed velxir3's ghost
  2366 | D:3      | Reached skill level 6 in Earth Magic
  2366 | D:3      | Reached XP level 5. HP: 14/28 MP: 1/11
  2366 | D:3      | Reached XP level 6. HP: 16/32 MP: 1/12
  2555 | D:3      | Noticed Jessica
  2746 | D:3      | Killed Jessica
  3566 | D:4      | Found a glowing drain.
  3581 | Sewer    | Entered a sewer
  3930 | Sewer    | Slain by a bullfrog

Illustrated notes

Levels and vault maps discovered:
D:1:      minmay_arrival_nine_rooms, layout_basic, kennysheep_boxes
D:2:      layout_basic, ebering_ecumenical_altar_box
D:3:      layout_basic, ebering_ghost_rock_garden, serial_bayou_pond_d,
          guppyfry_early_lair_pool, uniq_jessica
D:4:      layout_cave_pools, lemuel_mausoleum_altar_yredelemnul,
          minmay_temple_entry_crystal_x, cheibrodos_sewer_entry_drain,
          chequers_serial_rivers_micro_a, small_statue_intersection, uniq_edmund
Sewer:    sewer_frog_island_01

Skill      XL: |  1  2  3  4 |
---------------+-------------+-----
Earth Magic    | 4 6 |  6.8
Spellcasting   | 3 4 |  4.7
Dodging        | |  1.5
Stealth        | |  2.1
Transmutations | |  0.7

Action                   |  1- 3 |  4- 6 || total
-------------------------+-------+-------++-------
Melee: Short sword       |    21 |   100 ||   121
 Cast: Sandblast         |    56 |    52 ||   108
  Use: Scroll            |     1 |     8 ||     9
       Potion            |       |     1 ||     1
Armor: Robe              |     6 |    10 ||    16
       Scale mail        |       |    87 ||    87
Dodge: Dodged            |    23 |    69 ||    92
Block: Buckler           |       |    27 ||    27
